 Dungeon Crawl Stone Soup version 0.22-a0-825-ga28c36f (webtiles) character file.

240 riteheju the Sneak (level 5, -9/39 HPs)
             Began as a Demonspawn Assassin on July 24, 2018.
             Mangled by a gnoll (13 damage)
             ... on level 4 of the Dungeon.
             The game lasted 00:12:59 (4755 turns).

riteheju the Sneak (Demonspawn Assassin)            Turns: 4755, Time: 00:12:59

Health: -9/39      AC:  5    Str: 12    XL:     5   Next: 80%
Magic:  5/5        EV: 12    Int: 12    God:
Gold:   209        SH:  0    Dex: 15    Spells: 4/4 levels left

rFire    . . .     SeeInvis .   p - +1 dagger (chaos)
rCold    + . .     Gourm    .   (no shield)
rNeg     . . .     Faith    .   l - +0 robe {rC+}
rPois    .         Spirit   .   (no helmet)
rElec    .         Reflect  .   d - +0 cloak
rCorr    .         Harm     .   (no gloves)
MR       .....                  (no boots)
Stlth    ++........             (no amulet)
HPRegen  0.13/turn              (no ring)
MPRegen  0.09/turn              (no ring)

@: drained
A: hooves 1, icy blue scales 1, demonic guardian 1
a: no special abilities


You were on level 4 of the Dungeon.
You were not hungry.

You visited 1 branch of the dungeon, and saw 4 of its levels.
You visited the Abyss 1 time.

You collected 209 gold pieces.

Inventory:

Hand Weapons
 a - a +2 dagger
 b - a +0 blowgun
 p - a +1 dagger of chaos (weapon)
Missiles
 e - 5 poisoned needles
 f - 2 curare-tipped needles
Armour
 d - a +0 cloak (worn)
 l - a +0 robe of cold resistance (worn)
Jewellery
 v - a cursed amulet of inaccuracy
 w - a +5 ring of strength {unknown}
Wands
 m - a wand of random effects (31)
Scrolls
 h - 3 scrolls of teleportation
 i - 2 scrolls of remove curse {unknown}
 j - a scroll of identify
 k - a scroll of enchant armour {unknown}
 q - 2 scrolls of fog {unknown}
 t - a scroll of immolation {unknown}
 u - 2 scrolls of noise {unknown}
Potions
 c - a potion of cancellation
 n - a potion of agility
 o - a potion of flight {unknown}
 r - a potion of brilliance {unknown}
 s - a potion of heal wounds {unknown}
 x - a potion of ambrosia {unknown}
Comestibles
 g - 5 rations


   Skills:
 + Level 2.6(2.0) Fighting
 + Level 3.2(2.6) Short Blades
 + Level 2.5(2.0) Throwing
 + Level 2.3(1.8) Dodging
 + Level 4.8(4.2) Stealth


You had 4 spell levels left.
You didn't know any spells.
Your spell library was empty.

Dungeon Overview and Level Annotations

Branches:
Dungeon (4/15)
 Temple: D:4-7

Altars:
Fedhas
Makhleb
Nemelex Xobeh
Okawaru
Qazlal
Xom

Annotations:
D:4 Grinder, Natasha


Innate Abilities, Weirdness & Mutations

You have large cloven feet.
You are partially covered in icy blue scales. (AC +2)
A weak demonic guardian rushes to your aid.


Message History

The gnoll hits you.
You hit the gnoll but do no damage. You kick the gnoll, but do no damage.
You hit the gnoll.
The gnoll goes berserk!
The gnoll is moderately wounded.
The gnoll closely misses you. The gnoll hits you!
You closely miss the gnoll.
The gnoll is moderately wounded.
The gnoll hits you but does no damage.
You hit the gnoll but do no damage.
The gnoll flickers and vanishes!
Deactivating autopickup; reactivate with Ctrl-A.
Something hits you!
* * * LOW HITPOINT WARNING * * *
You hear a shout!
Something hits you.
* * * LOW HITPOINT WARNING * * *
You hear a shout!
You hit something. You burn something. You kick something. Something hits you.
* * * LOW HITPOINT WARNING * * *
Something hits you!
You die...

#g#.# ..... #
#.#.####..
#.#......
#.#(..###
#.#..(####
#....))†.#
########.# #{#
#@# #.# #.#
###############.#
#.....[.........#
##.##############
#.# #.# #.#


There were no monsters in sight!

Vanquished Creatures
  A crimson imp (D:3)
  An orc priest (D:3)
  An orc wizard (D:3)
  4 adders
  2 gnolls (D:4)
  A worm (D:2)
  2 dart slugs
  4 leopard geckos
  8 orcs (D:3)
  8 bats
  3 giant cockroaches
  8 goblins
  5 hobgoblins
  3 quokkas
  A ball python (D:3)
  7 frilled lizards
  3 kobolds
  3 rats
65 creatures vanquished.

Vanquished Creatures (collateral kills)
  A worker ant (D:3)
  A worm (D:3)
2 creatures vanquished.

Grand Total: 67 creatures vanquished

Notes
Turn   | Place    | Note
-------+----------+-------------------------------------------
     0 | D:1      | riteheju the Demonspawn Assassin began the quest for the Orb.
     0 | D:1      | Reached XP level 1. HP: 16/16 MP: 1/1
   428 | D:1      | Reached skill level 4 in Stealth
   439 | D:1      | Gained mutation: A weak demonic guardian rushes to your aid. [demonic ancestry]
   439 | D:1      | Reached XP level 2. HP: 14/22 MP: 2/2
  1136 | D:1      | Reached skill level 1 in Dodging
  1615 | D:1      | Gained mutation: You have large cloven feet. [demonic ancestry]
  1615 | D:1      | Reached XP level 3. HP: 5/27 MP: 3/3
  2407 | D:2      | You fall through a shaft!
  2413 | D:3      | Gained mutation: You are partially covered in icy blue scales. (AC +2) [demonic ancestry]
  2413 | D:3      | Reached XP level 4. HP: 33/33 MP: 4/4
  2599 | D:2      | Found a sparkling altar of Nemelex Xobeh.
  2661 | D:3      | Found a stormy altar of Qazlal.
  2688 | D:3      | Found a blossoming altar of Fedhas.
  3062 | D:3      | Reached XP level 5. HP: 39/39 MP: 5/5
  3612 | D:3      | Found an iron altar of Okawaru.
  3692 | D:3      | Found a shimmering altar of Xom.
  3692 | D:3      | Found a burning altar of Makhleb.
  3786 | D:3      | Cast into level 1 of the Abyss (crimson imp)
  3795 | Abyss:1  | Found a corrupted altar of Lugonu.
  3832 | D:3      | Escaped the Abyss
  4190 | D:4      | Noticed an ogre
  4319 | D:4      | Noticed Natasha
  4581 | D:4      | Noticed Grinder
  4755 | D:4      | Mangled by a gnoll

Vault maps used:
D:1:      sevenhm_arrival_forest_fort_large_2, minmay_misc_feat_hallway
D:2:      nemelex_xobeh_ov_fountains_minmay
D:3:      grunt_temple_overflow_forces_of_nature,
          grunt_temple_overflow_champion_of_chaos, overflow_temple_1_default,
          first_ration
D:4:      lemuel_round_altar, uniq_grinder, uniq_natasha

Skill      XL: |  1  2  3  4  5 |
---------------+----------------+-----
Throwing       | 2 |  2.5
Stealth        | 4 |  4.8
Dodging        | 1 2 |  2.3
Short Blades   | 2 3 |  3.2
Fighting       | |  2.6

Action                   |  1- 3 |  4- 6 || total
-------------------------+-------+-------++-------
Melee: Dagger            |   151 |   126 ||   277
       Kick              |    10 |    31 ||    41
 Fire: Blowgun           |       |    29 ||    29
  Use: Scroll            |       |     4 ||     4
 Stab: Distracted        |     1 |       ||     1
       Sleeping          |     5 |     7 ||    12
  Eat: Chunk             |     5 |     5 ||    10
       Ration            |       |     1 ||     1
Armor: Robe              |    51 |    32 ||    83
Dodge: Dodged            |   122 |    62 ||   184

Table legend:
 A = Spawn XP
 B = Non-spawn XP
 C = Spawn XP percentage of total XP
 D = Spawn monster count
 E = Non-spawn monster count
 F = Spawn count percentage of total count
 G = Total turns spent on level
                    A         B        C        D         E        F      G
               +---------+---------+-------+---------+---------+-------+---------
         Total |       0 |     344 |   0.0 |       0 |      67 |   0.0 |  4755
               +---------+---------+-------+---------+---------+-------+---------
           D:1 |       0 |      54 |   0.0 |       0 |      22 |   0.0 |  1837
           D:2 |       0 |      42 |   0.0 |       0 |      15 |   0.0 |   775
           D:3 |       0 |     217 |   0.0 |       0 |      27 |   0.0 |  1592
           D:4 |       0 |      31 |   0.0 |       0 |       3 |   0.0 |   505
               +---------+---------+-------+---------+---------+-------+---------
